 Dungeon Crawl Stone Soup version 0.18-a0-33-g9e10395 (webtiles) character file.

252 patman the Twirler (level 6, -1/30 HPs)
             Began as a Vine Stalker Gladiator on Nov 5, 2015.
             Slain by a worker ant (2 damage)
             ... on level 4 of the Dungeon.
             The game lasted 00:04:14 (2552 turns).

patman the Twirler (Vine Stalker Gladiator)         Turns: 2552, Time: 00:04:14

Health: -1/30      AC:  6    Str: 18    XL:     6   Next: 14%
Magic:  0/7        EV:  8    Int:  8    God:
Gold:   138        SH:  0    Dex: 16    Spells: 0 memorised, 5 levels left

rFire  . . .     SeeInvis .     a - +1 quarterstaff
rCold  . . .     Clarity  .     u - +0 chain mail
rNeg   . . .     SustAt   .     (shield currently unavailable)
rPois  .         Gourm    .     c - +0 helmet
rElec  .         Spirit   +     (no cloak)
rCorr  .         Warding  .     t - +0 pair of gloves
rMut   .         Stasis   .     (no boots)
MR     .....                    (no amulet)
Stlth  ..........               z - -4 ring of protection (curse)
                                l - ring of flight

@: lethally poisoned (-1 -> -10), not resistant to hostile enchantments,
extremely unstealthy
A: fangs 2, regeneration 2, magic shield, antimagic bite, no device heal 3, rot
immunity
a: Evoke Flight


You were on level 4 of the Dungeon.
You were not hungry.

You visited 1 branch of the dungeon, and saw 4 of its levels.

You collected 138 gold pieces.

Inventory:

Hand Weapons
 a - a +1 quarterstaff (weapon)
 g - a +1 dagger of speed
Missiles
 d - 3 throwing nets (quivered)
Armour
 c - a +0 helmet (worn)
 t - a +0 pair of gloves (worn)
 u - a +0 chain mail (worn)
Jewellery
 l - a ring of flight (left hand)
 z - a cursed -4 ring of protection (right hand)
Wands
 k - a wand of random effects (29)
 w - a wand of digging (13)
Scrolls
 f - a scroll of fear
 h - a scroll of blinking
 q - 2 scrolls of recharging
Potions
 b - a potion of invisibility
 i - 2 potions of curing {unknown}
 n - a potion of brilliance {unknown}
 o - a potion of cancellation {unknown}
 r - a potion of poison {unknown}
 s - 2 potions of heal wounds {unknown}
Comestibles
 e - 4 bread rations
 j - 4 fruits
 m - 2 meat rations


   Skills:
 - Level 1.7 Fighting
 * Level 6.1 Staves
 - Level 1.7 Throwing
 - Level 2.4 Dodging


You had 5 spell levels left.
You didn't know any spells.

Dungeon Overview and Level Annotations

Branches:
Dungeon (4/15)
 Temple: D:4-7

Altars:
Xom


Innate Abilities, Weirdness & Mutations

You have extremely sharp teeth.
You heal very quickly.
When hurt, damage is shared between your health and your magic reserves.
Your bite disrupts and absorbs the magic of your enemies.
Potions and wands cannot restore your health.
You are immune to rotting.


Message History

The worker ant poisons you! The orc hits you but does no damage.
You hit the worker ant but do no damage.
You bite the worker ant. You drain its power.
You feel invigorated.
The worker ant is lightly wounded.
You feel sick. The worker ant bites you.
You are more poisoned.
The worker ant poisons you! The orc closely misses you.
The worker ant bites you.
* * * LOW HITPOINT WARNING * * *
You are more poisoned.
The worker ant poisons you!
* * * LOW HITPOINT WARNING * * *
You feel very sick.
* * * LOW HITPOINT WARNING * * *
You feel sick.
* * * LOW HITPOINT WARNING * * *
You feel sick.
* * * LOW HITPOINT WARNING * * *
You feel sick. The worker ant bites you.
You die...

#### #######
##..#######.....#
#####............<..#
##.#..........##.....#
#..)..........##.....#
.#.....#....####..##
##.@.###.)....###...
#.a### #....#.###...
##a## #....#.##....
#.o# ####.#.##....
#.)# #...##.... #..#
##...#.... .....
#........ #.......
#........ ..........
#...#....


You could see 2 worker ants and an orc.

Vanquished Creatures
  An orc priest (D:4)
  An iguana (D:4)
  Natasha (thrice) (D:3)
  A worker ant (D:4)
  3 gnolls (D:3)
  5 adders
  2 oozes (D:2)
  2 worms
  3 giant geckos
  An orc (D:3)
  2 ball pythons
  4 giant cockroaches
  9 goblins
  8 hobgoblins
  3 bats
  2 giant newts
  2 jackals (D:3)
  4 kobolds
  5 rats
61 creatures vanquished.

Notes
Turn   | Place    | Note
--------------------------------------------------------------
     0 | D:1      | patman the Vine Stalker Gladiator began the quest for the Orb.
     0 | D:1      | Reached XP level 1. HP: 11/11 MP: 2/2
    91 | D:1      | Reached skill level 3 in Staves
   261 | D:1      | Reached XP level 2. HP: 15/15 MP: 3/3
   943 | D:2      | Reached XP level 3. HP: 14/18 MP: 4/4
  1143 | D:2      | Reached skill level 4 in Staves
  1396 | D:3      | Noticed Natasha
  1407 | D:3      | Killed Natasha
  1407 | D:3      | Reached XP level 4. HP: 5/23 MP: 2/5
  1608 | D:3      | Noticed Natasha
  1619 | D:3      | Killed Natasha
  1632 | D:3      | Noticed Natasha
  1649 | D:3      | Killed Natasha
  1756 | D:3      | Reached skill level 5 in Staves
  1756 | D:3      | Reached XP level 5. HP: 13/26 MP: 4/6
  2130 | D:3      | Found a shimmering altar of Xom.
  2503 | D:4      | Gained mutation: You heal very quickly. [Vine Stalker growth]
  2503 | D:4      | Reached XP level 6. HP: 19/30 MP: 5/7
  2546 | D:4      | Reached skill level 6 in Staves
  2552 | D:4      | HP: 1/30 [poisoned by a worker ant]
  2552 | D:4      | Slain by a worker ant

Vault maps used:
D:1:      onia_arrival_mini_spirals
D:3:      xom_butterflies, first_bread, uniq_natasha

Action                   |  1- 3 |  4- 6 || total
-------------------------+-------+-------++-------
Melee: Quarterstaff      |    88 |   112 ||   200
  Use: Scroll            |     1 |     7 ||     8
 Stab: Sleeping          |     2 |       ||     2
  Eat: Meat ration       |     1 |       ||     1
       Chunk             |     1 |       ||     1
